 Dungeon Crawl Stone Soup version 0.25-a0-435-g4b9beb1024 (webtiles) character file.

Game seed: 2117581383211011830, levelgen mode: deterministic

45995 Lugonue the Cruncher (level 14, -1/90 HPs)
             Began as a Demonspawn Venom Mage on Jan 27, 2020.
             Was a High Priest of Hepliaklqana.
             Slain by an eight-headed hydra (4 damage)
             ... on level 6 of the Lair of Beasts on Jan 28, 2020.
             The game lasted 01:13:54 (14202 turns).

Lugonue the Cruncher (Demonspawn Venom Mage)       Turns: 14202, Time: 01:14:03

Health: -1/90      AC: 11    Str: 11    XL:     14   Next: 3%
Magic:  13/31      EV: 17    Int: 29    God:    Hepliaklqana [*****.]
Gold:   2204       SH:  4    Dex: 17    Spells: 2/28 levels left

rFire    . . .     SeeInvis .   i - +6 Majin-Bo {vamp, Archmagi MP+6 Int+6}
rCold    . . .     Gourm    .   (shield currently unavailable)
rNeg     . . .     Faith    .   s - +1 robe of the Poles {Regen+ Dex+4}
rPois    +         Spirit   .   E - +2 hat {Int+3}
rElec    .         Reflect  +   (no cloak)
rCorr    .         Harm     .   q - +2 pair of gloves
MR       +....                  (no boots)
Stlth    +++++.....             j - +4 amulet of reflection
HPRegen  0.65/turn              p - ring of poison resistance
MPRegen  0.22/turn              R - ring of stealth

@: very slightly contaminated, slowed, very slow
A: reduced essence, talons 1, slimy green scales 2, foul stench 1, spiny 3, rot
immunity
a: Recall Ancestor, Ancestor Identity, Transference, Idealise, Renounce Religion


You were on level 6 of the Lair of Beasts.
You worshipped Hepliaklqana.
Hepliaklqana was extremely pleased with you.
You were not hungry.

You visited 3 branches of the dungeon, and saw 19 of its levels.
You also visited: Ossuary.

You collected 4497 gold pieces.
You spent 2293 gold pieces at shops.

Inventory:

Hand Weapons
 i - the +6 Majin-Bo (weapon) {vamp, Archmagi MP+6 Int+6}
   (You found it on level 5 of the Dungeon)

   It inflicts no extra harm, but heals its wielder when it wounds a living foe.
   It affects your intelligence (+6).
   It affects your magic capacity (+6).
 k - a +3 short sword of venom
Missiles
 m - 2 throwing nets (quivered)
Armour
 q - a +2 pair of gloves (worn)
 s - the +1 robe of the Poles (worn) {Regen+ Dex+4}
   (You bought it in a shop on level 4 of the Dungeon)

   It affects your dexterity (+4).
   It increases your rate of regeneration.
   If you remove this armour, your AC will fall 3 points (11 -> 8)
 E - a +2 hat of intelligence (worn)
 P - +0 fire dragon scales
Jewellery
 j - a +4 amulet of reflection (around neck)
 p - a ring of poison resistance (left hand)
 r - an uncursed amulet of the acrobat
 G - an uncursed ring of fire
 M - an uncursed ring of see invisible
 R - a ring of stealth (right hand)
Wands
 d - a wand of flame (24)
 h - a wand of enslavement (10)
 n - a wand of scattershot (5)
 t - a wand of random effects (46)
 w - a wand of paralysis (26)
 K - a wand of polymorph (11)
Scrolls
 e - 3 scrolls of identify
 f - 11 scrolls of remove curse
 g - 9 scrolls of teleportation
 x - 5 scrolls of magic mapping
 y - 2 scrolls of enchant weapon
 I - 3 scrolls of enchant armour
 L - 3 scrolls of blinking
 O - a scroll of fear
 Q - a scroll of vulnerability {unknown}
Potions
 a - a potion of mutation
 b - 5 potions of flight
 l - 3 potions of agility
 o - 3 potions of berserk rage
 u - a potion of magic {unknown}
 v - 7 potions of curing
 z - a potion of lignification
 A - 3 potions of haste
 B - a potion of might
 C - a potion of brilliance
 J - 2 potions of resistance {unknown}
Miscellaneous
 F - a phial of floods
 H - a phial of floods
Comestibles
 c - 26 rations
 D - 4 chunks of flesh


   Skills:
 * Level 6.8 Fighting
 + Level 2.9 Short Blades
 * Level 12.1 Staves
 * Level 6.5 Armour
 * Level 7.5 Dodging
 + Level 6.7 Stealth
 + Level 0.2 Unarmed Combat
 + Level 7.8 Spellcasting
 + Level 2.4 Conjurations
 * Level 7.1 Necromancy
 + Level 0.7 Translocations
 + Level 2.1 Transmutations
 + Level 1.1 Fire Magic
 + Level 5.6 Air Magic
 + Level 0.1 Earth Magic
 + Level 7.9 Poison Magic
 + Level 1.8 Evocations


You had 2 spell levels left.
You knew the following spells:

 Your Spells              Type           Power        Failure   Level  Hunger
a - Sting                 Tmut/Pois      ####         1%          1    None
b - Poisonous Vapours     Pois/Air       ######       1%          2    None
c - Mephitic Cloud        Conj/Pois/Air  ######..     1%          3    None
d - Olgreb's Toxic Radia  Pois           ######..     1%          4    ##.....
e - Dispel Undead         Necr           ######..     2%          4    ##.....
f - Blink                 Tloc           N/A          5%          2    None
g - Conjure Flame         Conj/Fire      ####....     7%          3    None
h - Borgnjor's Vile Clut  Necr/Erth      #####.....   28%         5    ####...
i - Passwall              Tmut/Erth      ####....     4%          2    None

Your spell library contained the following spells:

 Spells                   Type           Power        Failure   Level  Hunger
 Animate Skeleton         Necr           N/A          1%          1    None
 Magic Dart               Conj           ####         1%          1    None
 Corpse Rot               Necr/Air       N/A          1%          2    None
 Sublimation of Blood     Necr           ######....   1%          2    None
 Searing Ray              Conj           #####.       2%          2    None
 Apportation              Tloc           ###...       3%          1    None
 Corona                   Hex            ###....      4%          1    None
 Sandblast                Erth           ###...       4%          1    None
 Summon Small Mammal      Summ           ###.         4%          1    None
 Call Imp                 Summ           ###.....     7%          2    None
 Ensorcelled Hibernation  Hex/Ice        ###...       7%          2    None
 Slow                     Hex            ###.....     7%          2    None
 Ignite Poison            Fire/Tmut/Pois #####...     3%          3    None
 Agony                    Necr           ######..     7%          5    ####...
 Dazzling Flash           Conj/Hex       ####..       9%          3    None
 Stone Arrow              Conj/Erth      ####..       9%          3    None
 Gell's Gravitas          Tloc           ###.......   11%         3    None
 Confusing Touch          Hex            ###.....     14%         3    None
 Iskenderun's Mystic Bla  Conj/Tloc      ####....     24%         4    ##.....
 Fulminant Prism          Conj/Hex       ####......   28%         4    ##.....
 Petrify                  Tmut/Erth      ####....     28%         4    ##.....
 Excruciating Wounds      Chrm/Necr      #####.....   30%         5    ####...
 Silence                  Hex/Air        #####.....   38%         5    ####...
 Yara's Violent Unravell  Hex/Tmut       ####......   63%         5    ####...
 Lee's Rapid Deconstruct  Erth           ###.......   77%         5    ####...
 Metabolic Englaciation   Hex/Ice        ###.......   78%         5    ####...
 Darkness                 Hex            ###.......   100%        6    ######.
 Shadow Creatures         Summ           N/A          100%        6    ######.


Dungeon Overview and Level Annotations

Branches:
Dungeon (12/15)            Temple (1/1) D:7            Lair (6/6) D:11
  Swamp (0/4) Lair:2        Snake (0/4) Lair:4        Slime (0/5) Lair:6
    Orc (0/2) D:11        Ossuary (visited)

Altars:
Ashenzari
Cheibriados
Dithmenos
Elyvilon
Fedhas
Gozag
Hepliaklqana
Kikubaaqudgha
Makhleb
Nemelex Xobeh
Okawaru
Qazlal
Ru
Sif Muna
Trog
Uskayaw
Vehumet
Wu Jian
Xom
Yredelemnul
Zin
The Shining One

Shops:
D:4 *   D:6 :

Annotations:
D:9 3 runed translucent doors, bmj180's ghost, novice DrCj
D:10 2 transporters
Lair:4 exclusion: naga
Lair:5 3 runed translucent doors, Vabeppot's ghost, journeyman DrGl


Innate Abilities, Weirdness & Mutations

You have sharp toenails.
You are mostly covered in slimy green scales. (AC +3)
You may emit foul miasma when damaged in melee.
You are completely covered in sharp spines.
You are immune to rotting.
Your life essence is reduced to manifest your ancestor. (-10% HP)


Message History

Aim: an eight-headed hydra (severely wounded)
You feel a surge of power!
Zombie hands grab the eight-headed hydra.
The zombie hands constrict the eight-headed hydra!
The eight-headed hydra barely misses you.
The eight-headed hydra bites you but does no damage.
The eight-headed hydra misses you. The eight-headed hydra bites you!
The eight-headed hydra looks sick.
The eight-headed hydra closely misses you.
The eight-headed hydra barely misses you.
The eight-headed hydra bites you.
The eight-headed hydra barely misses you.
The eight-headed hydra is struck by your spines.
The eight-headed hydra bites you! x2; The eight-headed hydra misses you.
The eight-headed hydra bites you! x2
* * * LOW HITPOINT WARNING * * *
The eight-headed hydra bites you!
* * * LOW HITPOINT WARNING * * *
The eight-headed hydra bites you.
You die...

.<.............≈≈≈≈........P###..
..#..#.###....≈.≈.....#......##..
..###.####.....###...#......#....
...##..#........#.P.........##...
............................#....
..............P##...........#P...
..##..#...#....###.#.##..........
....PP.#..#....#####.##..........
...P.....##...P.@##....[.....####
...............D....#P≈....###
...............R....#♣♣≈.≈♣♣♣♣ ♣
....................# ♣♣..♣♣.♣♣♣♣
....................# ♣♣≈.♣♣...♣.
.PP..............#.## ♣.≈♣♣♣..♣♣.
...............##..# ♣≈≈)♣P.♣..≈
#...........####### ♣♣≈†♣†.♣.†≈
#...........# ♣..÷≈♣♣♣..≈


You could see the friendly Deth pidoram the knight and an eight-headed hydra.

Vanquished Creatures
  Gastronok (Lair:2)
  A fire dragon (Lair:6)
  6 hydras
  Erica (D:8)
  A two-headed ogre (D:10)
  4 death yaks
  Urug (D:11)
  A swamp dragon (Lair:6)
  7 elephants
  3 black mambas
  A torpor snail (Lair:5)
  A gargoyle (D:12)
  4 komodo dragons
  4 rime drakes
  12 spiny frogs
  2 trolls
  A merfolk (D:9)
  A polar bear (Lair:3)
  A tyrant leech (Lair:3)
  4 slime creatures (D:10)
  3 blink frogs (Lair:1)
  3 dream sheep (Lair:5)
  7 hippogriffs
  4 basilisks
  A wyvern (Lair:4)
  A steam dragon (Lair:6)
  31 yaks
  Grum (D:11)
  3 vampire mosquitoes (D:10)
  A hungry ghost (D:10)
  Edmund (D:4)
  Menkaure (D:4)
  An acid dragon (Lair:6)
  8 porcupines
  11 water moccasins
  2 ice beasts
  3 swamp drakes (Lair:6)
  A hornet zombie (D:9)
  2 orc warriors
  4 ogres
  12 wolves
  3 centaurs
  A big kobold (D:11)
  11 crocodiles
  16 bullfrogs
  6 scorpions
  8 killer bees
  2 electric eels (D:11)
  7 wights
  A howler monkey (D:6)
  A jelly (D:8)
  2 crimson imps
  A quasit (D:8)
  A bullfrog skeleton (D:6)
  A centaur skeleton (D:8)
  3 orc priests
  3 centaur zombies
  6 hounds
  A human zombie (Ossuary)
  5 orc wizards
  4 iguanas
  4 hell rats (Lair:6)
  5 worker ants
  3 killer bee zombies
  2 hound skeletons
  2 mummies (Ossuary)
  3 gnolls (D:7)
  13 adders
  2 shadow imps
  3 adder zombies (Ossuary)
  An adder skeleton (D:6)
  2 worms (D:2)
  A dart slug (D:3)
  3 leopard geckos
  20 orcs
  7 giant cockroaches
  3 goblins
  3 hobgoblins (D:2)
  13 jackals
  2 quokkas
  A ball python (D:2)
  A ball python skeleton (D:4)
  8 bats
  3 frilled lizards
  6 hobgoblin zombies (Ossuary)
  A jackal zombie (Ossuary)
  12 kobolds
  11 kobold zombies (Ossuary)
  A leopard gecko skeleton (D:5)
  5 orc zombies (Ossuary)
  10 rats
  2 rat zombies (Ossuary)
  A butterfly (Lair:5)
  4 plants (Lair:2)
399 creatures vanquished.

Vanquished Creatures (collateral kills)
  3 hydras
  A death yak (Lair:5)
  2 elephants (Lair:3)
  A rime drake (Lair:4)
  3 spiny frogs
  A polar bear (Lair:4)
  A slime creature (D:10)
  3 hippogriffs
  7 yaks
  A steam dragon (Lair:6)
  3 water moccasins
  An orc warrior (D:8)
  An ice beast (D:8)
  2 wolves (D:11)
  5 crocodiles
  2 bullfrogs
  An electric eel (D:11)
  A howler monkey (D:11)
  A centaur zombie (Ossuary)
  An iguana (Lair:6)
  An orc (D:8)
  A kobold (D:11)
  A hobgoblin zombie (Ossuary)
  2 kobold zombies (Ossuary)
  An orc zombie (Ossuary)
  2 plants
49 creatures vanquished.

Vanquished Creatures (others)
  5 knights
  5 ancestors
  A fungus (Lair:6)
  19 plants
30 creatures vanquished.

Grand Total: 478 creatures vanquished

Notes
Turn   | Place    | Note
-------+----------+-------------------------------------------
     0 | D:1      | Lugonue the Demonspawn Venom Mage began the quest for the
                  | Orb.
     0 | D:1      | Reached XP level 1. HP: 13/13 MP: 3/3
   163 | D:1      | Reached skill level 1 in Transmutations
   613 | D:1      | Gained mutation: You are partially covered in slimy green
                  | scales. (AC +2) [demonic ancestry]
   613 | D:1      | Reached XP level 2. HP: 12/19 MP: 3/5
  1209 | D:2      | Learned a level 2 spell: Poisonous Vapours
  1305 | D:2      | Found an ancient bone altar of Kikubaaqudgha.
  1305 | D:2      | Found a burning altar of Makhleb.
  1365 | D:2      | Gained mutation: You are immune to rotting. [demonic
                  | ancestry]
  1365 | D:2      | Reached XP level 3. HP: 23/24 MP: 3/6
  1933 | D:3      | Gained mutation: You are partially covered in sharp spines.
                  | [demonic ancestry]
  1933 | D:3      | Reached XP level 4. HP: 30/30 MP: 4/7
  2136 | D:3      | Reached skill level 1 in Short Blades
  2185 | D:3      | Learned a level 3 spell: Mephitic Cloud
  2603 | D:4      | Noticed a hippogriff
  2613 | D:4      | Killed a hippogriff
  2613 | D:4      | Reached skill level 1 in Air Magic
  2613 | D:4      | Reached XP level 5. HP: 14/36 MP: 1/9
  2613 | D:4      | Reached XP level 6. HP: 16/42 MP: 1/10
  2775 | D:4      | Found Meog's Assorted Antiques.
  2783 | D:4      | Bought a fabulously ornate robe for 148 gold pieces
  2793 | D:4      | Identified the +1 robe of the Poles {Regen+ Dex+4} (You
                  | bought it in a shop on level 4 of the Dungeon)
  2984 | D:4      | Noticed Edmund
  3011 | D:4      | Killed Edmund
  3011 | D:4      | Reached skill level 1 in Fighting
  3011 | D:4      | Gained mutation: You may emit foul miasma when damaged in
                  | melee. [demonic ancestry]
  3011 | D:4      | Reached XP level 7. HP: 34/48 MP: 4/12
  3123 | D:4      | Noticed Menkaure
  3140 | D:4      | Killed Menkaure
  3507 | D:5      | Entered Level 5 of the Dungeon
  3559 | D:5      | Found the +6 Majin-Bo {vamp, Archmagi MP+6 Int+6}
  3807 | D:5      | Found a shimmering blue altar of Sif Muna.
  4203 | D:6      | Found Biemuk's Book Boutique.
  4254 | D:6      | Reached skill level 2 in Staves
  4355 | D:6      | Found a shimmering altar of Xom.
  4377 | D:6      | Reached XP level 8. HP: 49/56 MP: 13/13
  4487 | D:6      | Reached skill level 3 in Staves
  4734 | D:7      | Found a glowing golden altar of the Shining One.
  4775 | D:7      | Reached skill level 4 in Staves
  4945 | D:7      | Found a staircase to the Ecumenical Temple.
  4998 | Temple   | Entered the Ecumenical Temple
  5027 | Temple   | Became a worshipper of Hepliaklqana the Forgotten
  5188 | D:8      | Learned a level 4 spell: Olgreb's Toxic Radiance
  5283 | D:8      | Found a sand-covered staircase.
  5296 | Ossuary  | Entered an ossuary
  5443 | Ossuary  | Reached skill level 5 in Staves
  5585 | D:8      | Found an iron altar of Okawaru.
  5585 | D:8      | Noticed Erica
  5596 | D:8      | Killed Erica
  5596 | D:8      | Reached skill level 6 in Staves
  5596 | D:8      | Gained mutation: You are mostly covered in sharp spines.
                  | [demonic ancestry]
  5596 | D:8      | Reached XP level 9. HP: 23/56 MP: 15/15
  5644 | D:8      | Reached skill level 7 in Staves
  5786 | D:8      | Reached skill level 5 in Poison Magic
  5844 | D:8      | Reached skill level 8 in Staves
  6100 | D:8      | Found a sparkling altar of Nemelex Xobeh.
  6251 | D:9      | Found a radiant altar of Vehumet.
  6252 | D:9      | Noticed a troll
  6259 | D:9      | Killed a troll
  6290 | D:9      | Found a runed translucent gate.
  6290 | D:9      | Noticed a ten-headed hydra
  6291 | D:9      | Found a runed translucent gate.
  6291 | D:9      | Noticed bmj180's ghost (novice DrCj)
  6292 | D:9      | Found a runed translucent gate.
  6344 | D:9      | Reached * piety under Hepliaklqana
  6360 | D:9      | Gained mutation: You are completely covered in sharp
                  | spines. [demonic ancestry]
  6360 | D:9      | Reached XP level 10. HP: 63/63 MP: 16/16
  6489 | D:9      | Found a snail-covered altar of Cheibriados.
  6688 | D:10     | Entered Level 10 of the Dungeon
  6733 | D:10     | Noticed a two-headed ogre
  6750 | D:10     | Killed a two-headed ogre
  6750 | D:10     | Reached skill level 9 in Staves
  6850 | D:10     | Noticed a cyclops
  6865 | D:10     | Found a transporter.
  6980 | D:10     | Reached skill level 5 in Stealth
  7081 | D:10     | Identified a scroll of acquirement
  7081 | D:10     | Identified the +3 chain mail of the Journeyman {rF- rCorr
                  | Dex+2} (You acquired it on level 10 of the Dungeon)
  7179 | D:10     | Reached skill level 5 in Spellcasting
  7290 | D:6      | Bought a book of Conjurations for 330 gold pieces
  7290 | D:6      | Bought a book of Dreams for 825 gold pieces
  7290 | D:6      | Bought a book of Death for 770 gold pieces
  7295 | D:6      | Learned a level 4 spell: Dispel Undead
  7297 | D:6      | Bought a book of Minor Magic for 220 gold pieces
  7300 | D:6      | Learned a level 2 spell: Blink
  7376 | D:10     | Found a transporter.
  7686 | D:10     | Reached skill level 1 in Necromancy
  7754 | D:10     | Reached skill level 10 in Staves
  7855 | D:11     | Found a staircase to the Orcish Mines.
  7866 | D:11     | Noticed Grum
  7900 | D:11     | Killed Grum
  7946 | D:11     | Reached XP level 11. HP: 40/70 MP: 8/18
  7950 | D:11     | Noticed Urug
  8034 | D:11     | Reached ** piety under Hepliaklqana
  8035 | D:11     | Remembered your ancestor Deth pidoram as a knight
  8103 | D:11     | Reached skill level 1 in Armour
  8240 | D:11     | Killed Urug
  8259 | D:11     | Found a staircase to the Lair.
  8708 | D:12     | Reached skill level 5 in Dodging
  8719 | D:12     | Noticed a skeletal warrior
  8765 | Lair:1   | Entered Level 1 of the Lair of Beasts
  8793 | Lair:1   | Noticed a five-headed hydra
  8884 | Lair:1   | Reached skill level 1 in Conjurations
  8903 | Lair:1   | Learned a level 3 spell: Conjure Flame
  8969 | Lair:1   | Reached *** piety under Hepliaklqana
  8980 | Lair:1   | Found an ornate altar of the Wu Jian Council.
  9246 | Lair:1   | Killed a five-headed hydra
  9288 | Lair:1   | Noticed a five-headed hydra
  9360 | Lair:1   | Killed a five-headed hydra
  9647 | Lair:2   | Noticed a five-headed hydra
  9660 | Lair:2   | Killed a five-headed hydra
  9723 | Lair:2   | Reached skill level 5 in Fighting
  9733 | Lair:2   | Gained mutation: You have sharp toenails. [demonic
                  | ancestry]
  9733 | Lair:2   | Reached XP level 12. HP: 75/77 MP: 21/21
  9767 | Lair:2   | Found a staircase to the Swamp.
  9845 | Lair:2   | Noticed Gastronok
  9877 | Lair:2   | Killed Gastronok
  9877 | Lair:2   | Reached skill level 11 in Staves
 10024 | Lair:2   | Reached **** piety under Hepliaklqana
 10767 | Lair:3   | Reached skill level 5 in Necromancy
 10796 | Lair:3   | Noticed a seven-headed hydra
 10810 | Lair:3   | Killed a seven-headed hydra
 10810 | Lair:3   | Reached skill level 1 in Evocations
 10856 | Lair:3   | Reached skill level 1 in Fire Magic
 11041 | Lair:3   | Noticed a seven-headed hydra
 11043 | Lair:3   | a seven-headed hydra changed into a tyrant leech
 11232 | Lair:3   | Reached skill level 5 in Armour
 11382 | Lair:4   | Noticed a five-headed hydra
 11473 | Lair:4   | Killed a five-headed hydra
 11473 | Lair:4   | Reached XP level 13. HP: 82/82 MP: 22/23
 11508 | Lair:4   | Found a staircase to the Snake Pit.
 11573 | Lair:4   | Learned a level 5 spell: Borgnjor's Vile Clutch
 11600 | Lair:4   | Reached skill level 5 in Air Magic
 12658 | Lair:5   | Found a runed translucent gate.
 12658 | Lair:5   | Found a runed translucent gate.
 12658 | Lair:5   | Found a runed translucent gate.
 12846 | Lair:5   | Reached ***** piety under Hepliaklqana
 12948 | Lair:5   | Learned a level 2 spell: Passwall
 13121 | Lair:5   | Noticed Vabeppot's ghost (journeyman DrGl)
 13151 | Lair:6   | Entered Level 6 of the Lair of Beasts
 13205 | Lair:6   | Reached skill level 12 in Staves
 13252 | Lair:6   | Found a staircase to the Slime Pits.
 13493 | Lair:6   | Noticed a fire dragon
 13506 | Lair:6   | Killed a fire dragon
 13669 | Lair:5   | Gained mutation: You are mostly covered in slimy green
                  | scales. (AC +3) [demonic ancestry]
 13669 | Lair:5   | Reached XP level 14. HP: 59/90 MP: 25/25
 14202 | Lair:6   | HP: 3/90 [eight-headed hydra (14)]
 14202 | Lair:6   | Slain by an eight-headed hydra

Levels and vault maps discovered:
D:1:      lightli_arrival_chessboard, layout_basic
D:2:      layout_basic, grunt_temple_overflow_open
D:3:      layout_loops_corners
D:4:      layout_loops_corners, serial_shops, nicolae_shop_overgrown_old_shop,
          first_ration, uniq_edmund, uniq_menkaure
D:5:      layout_cave_pods, kennysheep_little_box, nicolae_underground_beach
D:6:      layout_rooms, nicolae_overflow_crystal_walls, serial_shops, shop
D:7:      layout_rooms, kennysheep_mini_moat, temple_pool_b
D:8:      layout_basic, lemuel_doored_altar,
          lightli_ossuary_entry_decrepit_ruins, basic_altar, uniq_erica
D:9:      layout_cave_pools, vehumet_crystals, kennysheep_mini,
          gammafunk_ghost_hydra_chop, hangedman_fish_farm
D:10:     gammafunk_the_bubble [the_bubble_gammafunk_grid], layout_basic
D:11:     layout_loops_ring, erik_lair_island, uniq_urug, uniq_grum
D:12:     layout_gridville
Temple:   eino_temple_lava
Lair:1:   layout_regular_city, basic_altar, beast_lair_carwin_9
Lair:2:   wad_woods_structure_01, layout_regular_city, swamp_mist,
          lemuel_fruit_fields, uniq_gastronok
Lair:3:   layout_big_grid, grunt_megastairs_4
Lair:4:   layout_hall_layers, guppyfry_snake_entry_garden, beast_lair_carwin_1
Lair:5:   layout_roguey, gammafunk_ghost_hydra_chop, lemuel_fruit_fields
Lair:6:   wormcave, layout_regular_city, guppyfry_lair_end_dragon,
          dpeg_slime_entry_corner, infiniplex_staircase_pool

Skill      XL: |  1  2  3  4  5  6  7  8  9 10 11 12 13 |
---------------+----------------------------------------+-----
Transmutations | 1 2 |  2.1
Stealth        | 2 3 4 5 6 |  6.7
Dodging        | 2 3 4 5 6 7 |  7.5
Short Blades   | 1 2 |  2.9
Spellcasting   | 3 4 5 6 7 |  7.8
Air Magic      | 1 2 3 4 5 |  5.6
Poison Magic   | 4 5 6 7 |  7.9
Fighting       | 1 3 4 5 6 |  6.8
Staves         | 2 6 8 10 11 12 | 12.1
Necromancy     | 1 4 5 7 |  7.1
Armour         | 3 5 6 |  6.5
Conjurations   | 1 2 |  2.4
Evocations     | 1 |  1.8
Fire Magic     | 1 |  1.1
Unarmed Combat | |  0.2
Translocations | |  0.7
Earth Magic    | |  0.1

Action                   |  1- 3 |  4- 6 |  7- 9 | 10-12 | 13-15 || total
-------------------------+-------+-------+-------+-------+-------++-------
Melee: Unarmed           |    14 |       |       |       |       ||    14
       Short sword       |    97 |    38 |    10 |       |       ||   145
       Quarterstaff      |       |       |   212 |   410 |   218 ||   840
       Kick              |       |       |       |    64 |    74 ||   138
 Cast: Sting             |    21 |       |     6 |    15 |       ||    42
       Poisonous Vapours |     8 |    10 |    23 |    51 |    54 ||   146
       Mephitic Cloud    |       |     2 |     4 |    18 |    12 ||    36
       Olgreb's Toxic Ra |       |       |       |     8 |     7 ||    15
       Conjure Flame     |       |       |       |     9 |     2 ||    11
       Blink             |       |       |       |     5 |     2 ||     7
       Borgnjor's Vile C |       |       |       |       |     7 ||     7
       Passwall          |       |       |       |       |     1 ||     1
Invok: Recall Ancestor   |       |       |     1 |     2 |     1 ||     4
       Ancestor Identity |       |       |       |     1 |       ||     1
       Ancestor Life: Kn |       |       |       |     1 |       ||     1
Evoke: Wand              |       |       |       |    15 |     9 ||    24
       Phial of floods   |       |       |       |     1 |       ||     1
  Use: Scroll            |     4 |     9 |     5 |    14 |     3 ||    35
       Potion            |       |     1 |     2 |     2 |     2 ||     7
 Stab: Sleeping          |     6 |     2 |     8 |    12 |     2 ||    30
       Confused          |       |     2 |       |    10 |     8 ||    20
       Distracted        |       |       |       |     4 |     3 ||     7
  Eat: Chunk             |     3 |     2 |     4 |    11 |    10 ||    30
       Ration            |       |     1 |     2 |     2 |       ||     5
Armor: Robe              |    31 |    12 |    49 |    53 |    29 ||   174
       Fire dragon scale |       |       |       |       |     4 ||     4
Dodge: Dodged            |    82 |    20 |   148 |   206 |   131 ||   587
Block: Other             |       |       |       |    17 |    23 ||    40

Table legend:
 A = Non-vault XP
 B = Vault XP
 C = Vault XP percentage of total XP
 D = Non-vault monster count
 E = Vault monster count
 F = Vault count percentage of total count
                 A         B        C        D         E       F
            +---------+---------+-------+---------+---------+-------
      Total |   48979 |   16729 |  25.5 |     344 |      97 |  22.0
            +---------+---------+-------+---------+---------+-------
        D:1 |      18 |       0 |   0.0 |      16 |       0 |   0.0
        D:2 |      71 |       0 |   0.0 |      26 |       0 |   0.0
        D:3 |     105 |       0 |   0.0 |      14 |       0 |   0.0
        D:4 |     468 |     334 |  41.6 |      10 |       2 |  16.7
        D:5 |     134 |       0 |   0.0 |       9 |       0 |   0.0
        D:6 |     771 |       0 |   0.0 |      15 |       0 |   0.0
        D:7 |     408 |       0 |   0.0 |      16 |       0 |   0.0
        D:8 |    1287 |     950 |  42.5 |      22 |       1 |   4.3
        D:9 |     951 |     313 |  24.8 |      15 |       1 |   6.2
       D:10 |    4005 |       0 |   0.0 |      31 |       0 |   0.0
       D:11 |     880 |    2508 |  74.0 |      26 |      14 |  35.0
       D:12 |     424 |       0 |   0.0 |       1 |       0 |   0.0
     Lair:1 |    5042 |     457 |   8.3 |      21 |       4 |  16.0
     Lair:2 |    5225 |    3369 |  39.2 |      21 |       7 |  25.0
     Lair:3 |    6055 |    2046 |  25.3 |      25 |       6 |  19.4
     Lair:4 |    6318 |    3048 |  32.5 |      24 |       9 |  27.3
     Lair:5 |    9348 |       0 |   0.0 |      26 |       0 |   0.0
     Lair:6 |    7469 |    3454 |  31.6 |      26 |      15 |  36.6
    Ossuary |       0 |     250 | 100.0 |       0 |      38 | 100.0
            +---------+---------+-------+---------+---------+-------
